Map: Lightshade LE

Players

GoodPapoose - Winner!

  • Race: Protoss Protoss
  • League: Platinum
  • Spawn Location: 11:00

A.I. 1 (Very Easy)

  • Race: Terran Terran
  • Spawn Location: 5:00

VOD

Have the link to the VOD?

Description

Time

  • Played on: Jan. 31, 2021, 3:41 a.m.
  • Length: 5:31
Show
View Real Time Build Order
Export as new Build Order

GoodPapoose Protoss - Winner!

Build Orders: 1 Gate Expand, Blink Stalkers 

Get SALT Encoding   

  12  0:00  Probe  
  13  0:12  Probe  
  14  0:17  Pylon  
  14  0:24  Probe  
  15  0:35  Gateway  
  15  0:38  Probe (Chrono Boost)  
  16  0:43  Assimilator  
  16  0:49  Probe (Chrono Boost)  
  17  0:54  Probe (Chrono Boost)  
  18  1:04  Probe  
  19  1:16  Probe  
  20  1:23  Cybernetics Core  
  20  1:33  Nexus  
  20  1:37  Probe (Chrono Boost)  
  21  1:41  Assimilator  
  21  1:49  Probe (Chrono Boost)  
  21  1:52  Pylon  
  22  1:54  Probe (Chrono Boost)  
  22  2:00  Warp Gate  
  23  2:07  Stalker (Chrono Boost)  
  23  2:10  Probe  
  26  2:19  Twilight Council  
  27  2:22  Probe  
  27  2:34  Stalker, Probe  
  30  2:40  Shield Battery  
  30  2:49  Robotics Facility  
  30  2:57  Probe x2  
  32  3:05  Blink (Chrono Boost)  
  32  3:09  Probe  
  32  3:10  Probe  
  34  3:21  Probe  
  34  3:22  Probe  
  34  3:24  Gateway  
  36  3:28  Gateway  
  36  3:36  Observer (Chrono Boost)  
  36  3:41  Gateway  
  37  3:49  Stalker  
  37  3:51  Warp Prism (Chrono Boost)  
  41  4:00  Pylon  
  41  4:02  Probe  
  42  4:03  Probe  
  43  4:10  Pylon  
  43  4:17  Stalker  
  43  4:18  Stalker  
  43  4:23  Stalker  
  49  4:25  Probe x2  
  49  4:30  Assimilator  
  51  4:37  Probe x2  
  53  4:43  Stalker  
  53  4:44  Stalker x2  
  59  4:49  Stalker  
  61  4:53  Pylon  
  61  5:06  Nexus  
  61  5:12  Probe x2  
  63  5:14  Pylon  
  63  5:23  Robotics Bay  
  63  5:26  Stalker  
  63  5:27  Stalker  
Show
View Real Time Build Order
Export as new Build Order

A.I. 1 (Very Easy) Terran 

Build Orders:  

Get SALT Encoding   

  12  0:00  SCV  
  13  0:13  SCV  
  14  0:18  Supply Depot  
  14  0:37  Refinery  
  14  0:42  Barracks  
  14  1:03  Supply Depot  
  14  1:11  Refinery  
  14  1:29  Marine, SCV  
  16  1:41  SCV  
  17  1:53  SCV  
  18  2:05  SCV  
  18  2:06  Marine  
  20  2:17  SCV  
  21  2:29  SCV  
  22  2:42  Marine, Orbital Command  
  23  5:10  Marine  
  23  5:13  Supply Depot  
  24  5:14  SCV  
Tags
 
Composition
Blink Stalkers
League
Platinum
Matchup
PvT
Spawn Locations
Cross Positions
Add a new tag
Caveats
  • Supply blocks, unpowered buildings, or Contaminate may cause inaccurate times.
  • Supply counts are checked every 10 seconds.